AoeStats
← Livakovic

Black Forest

509800304Analyzed
2v2 RM · 5d ago on Sep 28, 2026· 31m 13s· 4 players
Game mode
Random Map
Map size
Medium (4 player)
Population
200
Speed
Normal
Resources
Standard
Victory
Conquest
Starting age
Dark Age
Ending age
Imperial Age
RankedLock teamsTeams togetherTeam positionsShared explorationLock speedFull tech treeHidden civsTurbo modeCheats
Victory
Defeat
🇦🇷 Franks · Argentina
676
+18
🇦🇷 Khmer · Argentina
578
+22
🇺🇸 Turks · United States
809
-23
🇭🇰 Britons · Hong Kong SAR China
641
-17
LAT0XII
9:07 Feudal Age
16:08 Castle Age
24:47 Ballistics
27:58 Husbandry
28:49 Scale Barding Armor
Livakovic
3:24 Loom
12:04 Feudal Age
13:06 Double-Bit Axe
14:19 Gold Mining
17:56 Stone Mining
21:58 Castle Age
25:09 Gold Shaft Mining
24:49 Bow Saw
27:51 Treadmill Crane
28:32 Ballistics
28:24 Masonry
28:10 Murder Holes
28:26 Fortified Wall
33:18 Imperial Age
31:32 Wheelbarrow
30:43 Town Watch
31:34 Husbandry
zapdolmayaa
2:32 Loom
13:04 Feudal Age
13:56 Double-Bit Axe
18:41 Castle Age
17:11 Gold Mining
17:08 Horse Collar
17:35 Stone Mining
20:26 Heavy Plow
26:20 Wheelbarrow
26:34 Town Watch
28:12 Bow Saw
31:36 Imperial Age
30:03 Gold Shaft Mining
31:17 Hand Cart
dzy395297342
0:43 Loom
12:22 Feudal Age
13:50 Wheelbarrow
14:10 Double-Bit Axe
16:01 Horse Collar
18:16 Padded Archer Armor
18:18 Scale Mail Armor
18:35 Forging
23:56 Castle Age
25:44 Bow Saw
25:38 Heavy Plow
25:32 Fletching
26:12 Hand Cart
26:01 Stone Mining
26:02 Gold Mining
26:44 Squires
28:37 Bodkin Arrow
Connection lost

Rejoining the realm…

Still unreachable

The connection could not be restored.

Session expired

The server has moved on; the page needs a fresh start.